 Dungeon Crawl Stone Soup version 0.19.4-9-g45fd643 (webtiles) character file.

12916 vatarom the Nimble (level 11, -11/113 HPs)
             Began as a Troll Monk on Feb 19, 2017.
             Was an Elder of Ru.
             Mangled by Rupert
             ... wielding a +2 great mace of crushing
              (43 damage)
             ... on level 12 of the Dungeon.
             The game lasted 00:23:13 (9343 turns).

vatarom the Nimble (Troll Monk)                     Turns: 9343, Time: 00:23:14

Health: -11/113    AC: 10    Str: 21    XL:     11   Next: 68%
Magic:  19/19      EV: 16    Int:  6    God:    Ru [****..]
Gold:   480        SH:  0    Dex: 15    Spells: 0 memorised, 10 levels left

rFire  . . .     SeeInvis +       - Unarmed
rCold  . . .     Gourm    +     K - +0 troll leather armour
rNeg   . . .     Faith    .     (no shield)
rPois  .         Spirit   .     (helmet restricted)
rElec  .         Reflect  .     o - +2 cloak
rCorr  .         Harm     .     (gloves unavailable)
MR     .....     Rnd*Tele +     (boots unavailable)
Stlth  +++.......               x - amulet of rage
                                z - ring of Qeacutec {*Contam Int-2 SInv Stlth+}
                                d - ring of magical power

@: no scrolls, very slightly contaminated, hasted, very quick
A: unfitting armour, claws 3, thin skeletal structure 1, fast metabolism 3,
gourmand, regeneration 1, screaming 1, shaggy fur 1, teleportitis 1, tough skin
2, inability to read while threatened, hated by all, inability to train armour
a: Draw Out Power, Power Leap, Renounce Religion, Evoke Berserk Rage


You were on level 12 of the Dungeon.
You worshipped Ru.
Ru was greatly pleased with you.
You were full.

You visited 2 branches of the dungeon, and saw 13 of its levels.

You collected 840 gold pieces.
You spent 360 gold pieces at shops.

Inventory:

Missiles
 j - a tomahawk of dispersal
 B - a throwing net (quivered)
Armour
 o - a +2 cloak (worn)
 K - a +0 troll leather armour (worn)
 O - a cursed -2 robe
Jewellery
 a - an uncursed ring of ice
 d - a ring of magical power (left claw)
 x - an amulet of rage (around neck)
 z - the ring of Qeacutec (right claw) {*Contam Int-2 SInv Stlth+}
   (You found it on level 9 of the Dungeon)

   [ring of intelligence]

   It affects your intelligence (-2).
   It lets you see invisible.
   It causes magical contamination when unequipped.
   It makes you more stealthy.
Wands
 m - a wand of heal wounds (5/9)
 q - a wand of disintegration (14/24)
 t - a wand of iceblast (10/15)
 y - a wand of heal wounds (5/9)
 L - a wand of disintegration (1/24)
Scrolls
 e - 5 scrolls of identify
 f - 2 scrolls of fog
 g - 7 scrolls of remove curse
 k - a scroll of enchant weapon
 l - 2 scrolls of teleportation
 r - 3 scrolls of enchant armour
 s - a scroll of recharging
 u - a scroll of blinking
 A - a scroll of amnesia
 D - a scroll of magic mapping
 M - a scroll of silence
Potions
 h - 3 potions of cancellation
 w - a potion of ambrosia
 E - 3 potions of curing
 F - 2 potions of berserk rage
 J - a potion of might
Books
 p - a book of Necromancy

   Spells                             Type                      Level
   a - Pain                           Necromancy                   1
   b - Animate Skeleton               Necromancy                   1
   c - Vampiric Draining              Necromancy                   3
   d - Regeneration                   Charms/Necromancy            3
   e - Animate Dead                   Necromancy                   4
   f - Control Undead                 Necromancy                   4
 G - a book of Geomancy

   Spells                             Type                      Level
   a - Sandblast                      Earth                        1
   b - Passwall                       Transmutation/Earth          2
   c - Stone Arrow                    Conjuration/Earth            3
   d - Petrify                        Transmutation/Earth          4
   e - Lee's Rapid Deconstruction     Earth                        5
Miscellaneous
 I - a phial of floods
Comestibles
 b - 8 bread rations
 c - 5 meat rations
 i - 4 slices of pizza
 n - 23 fruits
 v - 2 beef jerkies


   Skills:
 + Level 8.4 Fighting
 - Level 6.0 Throwing
 - Level 10.4 Dodging
 - Level 1.0 Stealth
 - Level 9.5 Unarmed Combat


You had 10 spell levels left.
You didn't know any spells.

Dungeon Overview and Level Annotations

Branches:
Dungeon (12/15)            Temple (1/1) D:4            Lair (0/6) D:11
    Orc (0/2) D:11

Altars:
Ashenzari
Cheibriados
Dithmenos
Elyvilon
Fedhas
Gozag
Hepliaklqana
Kikubaaqudgha
Makhleb
Nemelex Xobeh
Okawaru
Qazlal
Ru
Sif Muna
Trog
Uskayaw
Vehumet
Xom
Yredelemnul
Zin
The Shining One

Shops:
D:7 [   D:8 }

Annotations:
D:12 Psyche, Rupert, Snorg


Innate Abilities, Weirdness & Mutations

You are too large for most types of armour.
You have claws for hands.
Your metabolism is lightning-fast.
You like to eat raw meat.
Your natural rate of healing is unusually fast.
You occasionally shout uncontrollably at your foes.
You are covered in fur. (AC +1)
You have very tough skin. (AC +2)
You cannot read scrolls while threatened.
You are hated by all.
You cannot train Armour skill.
You have a somewhat thin skeletal structure. (Dex +2, Stealth)
You are occasionally teleported next to monsters.


Message History

Rupert goes berserk!
You scratch Rupert.
Rupert is lightly wounded.
The wight hits you but does no damage.
You redirect Rupert's attack!
Rupert hits the wight with a great mace of crushing!
The wight is destroyed!
You feel yourself speed up.
Rupert hits you with a great mace of crushing!
You are very lightly contaminated with residual magic.
You mangle Rupert!! You claw Rupert, but do no damage.
Rupert is moderately wounded.
Rupert hits you with a great mace of crushing!!!
* * * LOW HITPOINT WARNING * * *
x2 You feel much better.
The iron imp shouts, "Slither away, thou bawdy knotty-pated lout!"
You scratch Rupert.
Rupert is moderately wounded.
Rupert hits you with a great mace of crushing!!!
You die...

.# ## .. # .#.#.### # #.
####.#. .#. #.#.###...$.
.. # ........3. .##.#
#####.....5K####....#
#..)......44z@@..#
##K###.....Kz####.......
# #.Kz..z#....K3#
....... .
#/zK..>.........#.......
#
#...(...#.....#.#.......
+...............#.####.#
# #.......##....###.# #
. #.....#.##....# .#
#######.##....# .


You could see Rupert (berserk), a rust devil, a red devil, a big kobold, an iron
imp, 2 wights and a kobold.

Vanquished Creatures
  Fannar (D:10)
  Erolcha (D:9)
  A tengu warrior (D:9)
  An unseen horror (D:11)
  A hill giant (D:11)
  2 ugly things
  The ghost of oplop the Chiller, a novice OpIE (D:6)
  Joseph (D:7)
  A gargoyle (D:10)
  A kobold demonologist (D:12)
  A tengu conjurer (D:10)
  2 trolls
  2 two-headed ogres (D:11)
  3 hippogriffs
  A shadow (D:11)
  4 yaks (D:9)
  A wraith (D:11)
  A water moccasin (D:11)
  An orc warrior (D:8)
  A hornet zombie (D:9)
  4 black bears
  2 necrophages (D:9)
  3 ice beasts
  4 phantoms
  3 sky beasts
  3 ogres
  3 centaurs
  2 big kobolds
  7 bullfrogs
  2 scorpions
  15 killer bees
  11 wights
  A howler monkey (D:11)
  A crimson imp (D:11)
  A bullfrog zombie (D:8)
  A centaur zombie (D:9)
  5 jellies
  A quasit (D:9)
  8 orc wizards
  2 hounds
  A gnoll shaman (D:6)
  7 orc priests
  2 bullfrog skeletons
  2 centaur skeletons
  Natasha (thrice) (D:2)
  5 worker ants
  A killer bee zombie (D:7)
  A hound skeleton (D:11)
  A howler monkey skeleton (D:7)
  3 worker ant zombies
  11 gnolls
  8 adders
  2 shadow imps
  An ooze (D:3)
  2 adder zombies
  An adder skeleton (D:9)
  2 worms
  7 leopard geckos
  34 orcs
  2 giant cockroaches
  5 goblins
  5 hobgoblins
  4 jackals (D:4)
  5 bats
  6 frilled lizards
  20 kobolds
  2 quokka skeletons
  6 rats
256 creatures vanquished.

Vanquished Creatures (others)
  An orc warrior (D:10)
  A wight (D:12)
  A worker ant (D:7)
  A gnoll (D:7)
  An orc (D:4)
5 creatures vanquished.

Grand Total: 261 creatures vanquished

Notes
Turn   | Place    | Note
-------+----------+-------------------------------------------
     0 | D:1      | vatarom the Troll Monk began the quest for the Orb.
     0 | D:1      | Reached XP level 1. HP: 22/22 MP: 0/0
   166 | D:1      | Reached XP level 2. HP: 24/29 MP: 1/1
   313 | D:1      | Reached skill level 3 in Dodging
   750 | D:2      | Reached XP level 3. HP: 33/36 MP: 2/2
   790 | D:2      | Noticed Natasha
   794 | D:2      | Killed Natasha
   794 | D:2      | Reached skill level 4 in Dodging
   821 | D:2      | Reached XP level 4. HP: 42/44 MP: 3/3
   903 | D:2      | Noticed Natasha
   907 | D:2      | Killed Natasha
  1011 | D:2      | Noticed Natasha
  1017 | D:2      | Killed Natasha
  1498 | D:3      | Reached skill level 5 in Dodging
  1498 | D:3      | Reached XP level 5. HP: 41/50 MP: 4/4
  2196 | D:4      | Reached XP level 6. HP: 45/59 MP: 5/5
  2374 | D:4      | Found a staircase to the Ecumenical Temple.
  2394 | Temple   | Entered the Ecumenical Temple
  2652 | Temple   | Became a worshipper of Ru the Awakened
  2680 | Temple   | Gained mutation: You cannot train Armour skill. [Ru sacrifice]
  2680 | Temple   | Reached * piety under Ru
  2886 | D:5      | Entered Level 5 of the Dungeon
  3053 | D:5      | Reached skill level 5 in Unarmed Combat
  3087 | D:5      | Reached XP level 7. HP: 56/66 MP: 6/6
  3244 | D:5      | Found a sparkling altar of Nemelex Xobeh.
  3524 | D:5      | Gained mutation: You are occasionally teleported next to monsters. [mutagenic meat]
  3527 | D:5      | Gained mutation: You have a somewhat thin skeletal structure. (Dex +2, Stealth) [mutagenic meat]
  3528 | D:5      | Gained mutation: You are weak. (Str -2) [mutagenic meat]
  3611 | D:5      | Found a burning altar of Makhleb.
  3611 | D:5      | Noticed a green death
  3614 | D:5      | Noticed an orange demon
  3614 | D:5      | Noticed a smoke demon
  3937 | D:6      | Noticed oplop's ghost (novice OpIE)
  3962 | D:6      | Killed oplop's ghost
  3962 | D:6      | Reached XP level 8. HP: 28/74 MP: 7/7
  4441 | D:6      | Gained mutation: You possess an exceptional clarity of mind. [potion of mutation]
  4441 | D:6      | Gained mutation: You are very weak. (Str -4) [potion of mutation]
  4891 | D:7      | Gained mutation: You occasionally shout uncontrollably at your foes. [Ru sacrifice]
  4891 | D:7      | Reached ** piety under Ru
  4972 | D:7      | Noticed Joseph
  5030 | D:7      | Killed Joseph
  5030 | D:7      | Reached skill level 5 in Fighting
  5030 | D:7      | Reached XP level 9. HP: 69/88 MP: 8/8
  5110 | D:7      | Gained mutation: You have a pair of small horns on your head. [mutagenic meat]
  5111 | D:7      | Gained mutation: You are frail. (-10% HP) [mutagenic meat]
  5113 | D:7      | Gained mutation: Scrolls take you a little longer to read. [mutagenic meat]
  5114 | D:7      | Lost mutation: You have a pair of small horns on your head. [mutagenic meat]
  5233 | D:7      | Lost mutation: Scrolls take you a little longer to read. [potion of cure mutation]
  5233 | D:7      | Lost mutation: You are frail. (-10% HP) [potion of cure mutation]
  5233 | D:7      | Lost mutation: You possess an exceptional clarity of mind. [potion of cure mutation]
  5233 | D:7      | Lost mutation: You are very weak. (Str -4) [potion of cure mutation]
  5233 | D:7      | Lost mutation: You are weak. (Str -2) [potion of cure mutation]
  5265 | D:7      | Found Xuatados's Armour Boutique.
  5626 | D:8      | Reached skill level 1 in Throwing
  5686 | D:8      | Found a shimmering altar of Xom.
  5782 | D:8      | Got a smoking hand axe
  5783 | D:8      | Identified the +3 hand axe of the Unliving {holy, rC+} (You found it on level 8 of the Dungeon)
  6096 | D:8      | Reached skill level 5 in Throwing
  6268 | D:8      | Got a twisted flail
  6269 | D:8      | Identified the +5 flail of Efugra {chaos, rElec Str+4 Int-2} (You found it on level 8 of the Dungeon)
  6446 | D:8      | Found Sobre's Quality Used Wands.
  6466 | D:8      | Bought a wand of heal wounds (0/9) for 360 gold pieces
  6560 | D:9      | Reached XP level 10. HP: 98/98 MP: 9/9
  6585 | D:9      | Gained mutation: You are hated by all. [Ru sacrifice]
  6585 | D:9      | Reached *** piety under Ru
  6597 | D:9      | Noticed Erolcha
  6606 | D:9      | Killed Erolcha
  6606 | D:9      | Reached skill level 6 in Dodging
  6613 | D:9      | Got a clouded lapis lazuli ring
  6614 | D:9      | Identified the cursed ring of Qeacutec {*Contam Int-2 SInv Stlth+} (You found it on level 9 of the Dungeon)
  6658 | D:9      | Found a hazy altar of Hepliaklqana.
  6682 | D:9      | Found a shattered altar of Ashenzari.
  6712 | D:9      | Reached skill level 7 in Dodging
  6944 | D:9      | Reached skill level 8 in Dodging
  7763 | D:10     | Entered Level 10 of the Dungeon
  7763 | D:10     | Noticed a white ugly thing
  7768 | D:10     | Noticed a tengu warrior
  7887 | D:10     | Noticed Fannar
  7991 | D:9      | Killed a white ugly thing
  7991 | D:9      | Reached skill level 9 in Dodging
  8057 | D:9      | Killed a tengu warrior
  8057 | D:9      | Reached XP level 11. HP: 64/105 MP: 10/10
  8357 | D:10     | Killed Fannar
  8357 | D:10     | Reached skill level 10 in Dodging
  8663 | D:11     | Noticed a purple ugly thing
  8679 | D:11     | Killed a purple ugly thing
  8770 | D:11     | Found a staircase to the Lair.
  8778 | D:11     | Gained mutation: You cannot read scrolls while threatened. [Ru sacrifice]
  8778 | D:11     | Reached **** piety under Ru
  8899 | D:11     | Noticed a hill giant
  8904 | D:11     | Killed a hill giant
  8919 | D:11     | Found a staircase to the Orcish Mines.
  8948 | D:11     | Noticed an unseen horror
  8973 | D:11     | Killed an unseen horror
  9292 | D:12     | Noticed Snorg
  9298 | D:12     | Noticed Psyche
  9299 | D:12     | Noticed Rupert
  9315 | D:12     | Noticed a sixfirhy
  9331 | D:12     | Noticed a sun demon
  9341 | D:12     | HP: 1/113 [Rupert/great mace of crushing (7)]
  9343 | D:12     | Mangled by Rupert

Skill      XL: |  1  2  3  4  5  6  7  8  9 10 11 |
---------------+----------------------------------+-----
Dodging        | 3 4 5 9 10 | 10.4
Unarmed Combat | 5 8 9 |  9.5
Fighting       | 5 8 |  8.4
Throwing       | 6 |  6.0
Stealth        | |  1.0

Action                   |  1- 3 |  4- 6 |  7- 9 | 10-12 || total
-------------------------+-------+-------+-------+-------++-------
Melee: Unarmed           |    65 |   154 |   346 |   386 ||   951
       Punch             |       |     1 |    16 |    17 ||    34
Throw: Throwing net      |       |       |     1 |     4 ||     5
Invok: Sacrifice Durabil |       |     1 |       |       ||     1
       Sacrifice Purity  |       |       |     1 |       ||     1
       Draw Out Power    |       |       |       |     2 ||     2
       Sacrifice Love    |       |       |       |     1 ||     1
       Sacrifice Words   |       |       |       |     1 ||     1
 Abil: Evoke Berserk Rag |       |       |       |     1 ||     1
  Use: Scroll            |     5 |     7 |     4 |    12 ||    28
       Potion            |     2 |     5 |    10 |     8 ||    25
 Stab: Sleeping          |     4 |     2 |     7 |     4 ||    17
       Held in net/web   |       |       |       |     4 ||     4
       Distracted        |       |       |       |     2 ||     2
  Eat: Chunk             |    10 |    24 |    41 |    15 ||    90
       Bread ration      |       |       |       |     2 ||     2
       Beef jerky        |       |       |       |     1 ||     1
Armor: Robe              |    24 |    36 |    72 |    73 ||   205
       Skin              |       |       |       |     4 ||     4
       Troll leather arm |       |       |       |    37 ||    37
Dodge: Dodged            |    38 |    81 |   197 |   262 ||   578
